 Dungeon Crawl Stone Soup version 0.26-a0-478-g6c97825307 (webtiles) character file.

Game seed: 16809757070376188529

11834 Infinimo the Destroyer (level 11, -1/68 HPs)
             Began as a Gargoyle Fire Elementalist on July 31, 2020.
             Was an Elder of Vehumet.
             Killed from afar by a molten gargoyle (6 damage)
             ... with a bolt of magma
             ... while paralysed
             ... on level 3 of the Lair of Beasts.
             The game lasted 00:22:36 (19638 turns).

Infinimo the Destroyer (GrFE)                      Turns: 19638, Time: 00:22:36

Health: -1/68      AC: 16    Str: 11    XL:     11   Next: 83%
Magic:  21/21      EV:  2    Int: 26    God:    Vehumet [****..]
Gold:   790        SH:  0    Dex: 10    Spells: 14/24 levels left

rFire    + . .     SeeInvis .   a - +1 short sword (drain)
rCold    . . .     Faith    .   (no shield)
rNeg     + . .     Spirit   .   v - +2 robe {Archmagi}
rPois    ∞         Reflect  .   l - +1 helmet
rElec    +         Harm     .   F - +1 cloak
rCorr    .                      (no gloves)
MR       .....                  (no boots)
Stlth    ++........             b - amulet "Mesk" {rElec Regen+}
HPRegen  0.61/turn              r - +6 ring of intelligence
MPRegen  0.17/turn              e - ring of protection from fire

@: paralysed, berserk cooldown, slowed
A: negative energy resistance 1, electricity resistance, unbreathing,
petrification resistance, rot immunity, AC +8
a: Renounce Religion


You were on level 3 of the Lair of Beasts.
You worshipped Vehumet.
Vehumet was greatly pleased with you.
You visited 2 branches of the dungeon, and saw 13 of its levels.

You collected 790 gold pieces.

Inventory:

Hand Weapons
 a - a +1 short sword of draining (weapon)
Armour
 l - a +1 helmet (worn)
 v - a +2 robe of the Archmagi (worn)
 F - a +1 cloak (worn)
Jewellery
 b - the amulet "Mesk" (around neck) {rElec Regen+}
   (You acquired it on level 8 of the Dungeon)

   [amulet of regeneration]

   It insulates you from electricity.
   It increases your rate of regeneration.
 e - a ring of protection from fire (right hand)
 r - a +6 ring of intelligence (left hand)
Wands
 i - a wand of acid (10)
 z - a wand of disintegration (24)
 C - a wand of iceblast (17)
Scrolls
 f - 7 scrolls of enchant armour
 k - a scroll of immolation
 m - 7 scrolls of amnesia
 o - 3 scrolls of fear
 p - 5 scrolls of teleportation
 q - 3 scrolls of remove curse
 s - 2 scrolls of magic mapping
 A - a scroll of blinking
 B - a scroll of enchant weapon
Potions
 c - 2 potions of mutation
 d - a potion of cancellation
 g - 4 potions of heal wounds
 h - a potion of berserk rage
 j - a potion of resistance
 n - a potion of magic
 w - 3 potions of might
 x - 2 potions of brilliance
 D - a potion of degeneration
 E - 2 potions of flight
 G - 3 potions of invisibility
 I - a potion of curing


   Skills:
 + Level 8.1 Fighting
 - Level 1.5 Dodging
 - Level 2.1 Stealth
 + Level 7.1 Spellcasting
 * Level 11.6 Conjurations
 * Level 11.2 Fire Magic


You had 14 spell levels left.
You knew the following spells:

 Your Spells              Type           Power        Failure   Level
a - Foxfire               Conj/Fire      ####         1%          1
b - Sticky Flame          Conj/Fire      #######.     1%          4
c - Fireball              Conj/Fire      #######...   1%          5

Your spell library contained the following spells:

 Spells                   Type           Power        Failure   Level
 Lightning Bolt           Conj/Air       ######....   4%          5
 Conjure Flame            Conj/Fire      #######.     1%          3
 Inner Flame              Hex/Fire       ######..     1%          3
 Iskenderun's Battlesphe  Conj           #######.     1%          5
 Bolt of Magma            Conj/Fire/Erth ######....   2%          5
 Corona                   Hex            ##.....      6%          1
 Slow                     Hex            ##......     10%         2
 Orb of Destruction       Conj           #######...   12%         7
 Confusing Touch          Hex            ##......     19%         3
 Gell's Gravitas          Tloc           ##........   19%         3
 Portal Projectile        Hex/Tloc       ##....       19%         3
 Iron Shot                Conj/Erth      ######....   22%         6
 Yara's Violent Unravell  Hex/Tmut       ##........   38%         5
 Cause Fear               Hex            ##........   52%         4
 Leda's Liquefaction      Hex/Erth       ##........   52%         4
 Petrify                  Tmut/Erth      ##......     52%         4
 Spellforged Servitor     Conj/Summ      ######....   71%         7
 Metabolic Englaciation   Hex/Ice        ##........   86%         5


Dungeon Overview and Level Annotations

Branches:
Dungeon (10/15)            Temple (0/1) D:6            Lair (3/6) D:8
  Snake (0/4) Lair:2          Orc (0/2) D:10
  Swamp: Lair:2-4    Shoals: Lair:2-4

Altars:
Cheibriados
Dithmenos
Elyvilon
Fedhas
Hepliaklqana
Makhleb
Nemelex Xobeh
Okawaru
Qazlal
Sif Muna
Trog
Uskayaw
Vehumet
Zin
The Shining One
Beogh

Shops:
D:7 :

Annotations:
D:2 exclusion: oklob plant
D:6 1 runed translucent door


Innate Abilities, Weirdness & Mutations

You are resistant to torment.
Your stone body is resilient. (AC +8)
You are immune to poison.
You resist negative energy. (rN+)
You are resistant to electric shocks. (rElec)
You can survive without breathing.
You are immune to petrification.
You are immune to rotting.


Message History

You are too injured to fight recklessly!
The molten gargoyle blasts magma at you!
The bolt of magma hits you!! You partially resist.
* * * LOW HITPOINT WARNING * * *
The molten gargoyle hits you with a +0 mace!
* * * LOW HITPOINT WARNING * * *
You are engulfed in flames.
You resist.
* * * LOW HITPOINT WARNING * * *
The molten gargoyle hits you with a +0 mace.
* * * LOW HITPOINT WARNING * * *
You are engulfed in flames.
You resist.
* * * LOW HITPOINT WARNING * * *
You are too berserk!
You feel a strong urge to attack something.
You are no longer berserk.
You pass out from exhaustion.
You feel yourself slow down.
The molten gargoyle blasts magma at you!
The bolt of magma hits you. You partially resist.
You die...

### ##8##
###≈≈§###
#<..≈..<#
###§.≈###
##≈.≈##
#≈§@≈≈#
##≈≈..≈##
#≈§≈≈.≈≈#
##§≈##9.≈##
#≈≈# ##.≈§#
#≈# ##§§§#
#§≈ ##.§≈§#
##§##..§§§#
#≈≈..§≈≈##


You could see a molten gargoyle.

Vanquished Creatures
  A hydra (Lair:1)
  Erolcha (D:10)
  The ghost of Tinttamiau the Cruncher, a novice DDAr of Makhleb (Lair:2)
  Joseph (D:10)
  A molten gargoyle (Lair:2)
  Maggie (D:7)
  A cane toad (Lair:1)
  The ghost of Laiska the Digger, a novice GrEE (D:4)
  A troll (D:9)
  2 hippogriffs
  A wraith (D:10)
  A basilisk (Lair:2)
  7 yaks
  A steam dragon (D:10)
  3 nagas (Lair:2)
  A water moccasin (D:9)
  A hornet zombie (D:10)
  3 orc warriors
  2 porcupines (Lair:1)
  6 ice beasts
  A sky beast (D:5)
  5 black bears
  2 ogres
  2 eyes of draining (D:8)
  3 centaurs
  2 crocodiles (Lair:1)
  2 big kobolds
  2 wyvern zombies
  11 bullfrogs
  A wyvern skeleton (D:8)
  5 scorpions
  6 killer bees (D:8)
  3 wights (D:10)
  An electric eel (D:10)
  2 bullfrog zombies
  6 jellies
  2 lava snakes (Lair:3)
  6 hounds
  15 orc priests
  2 bullfrog skeletons
  14 orc wizards
  3 iguanas
  3 worker ants
  A howler monkey zombie (D:9)
  3 gnolls (D:3)
  A howler monkey skeleton (D:5)
  4 adders
  A shadow imp (D:7)
  A white imp (D:10)
  An ufetubus (D:9)
  An ooze (D:1)
  3 worms
  2 dart slugs (D:2)
  5 leopard geckos
  86 orcs
  6 giant cockroaches
  7 goblins
  2 hobgoblins (D:1)
  16 jackals
  3 quokkas
  2 ball pythons (D:4)
  9 bats
  2 frilled lizards
  14 kobolds
  4 rats
310 creatures vanquished.

Vanquished Creatures (others)
  1830 foxfires
1830 creatures vanquished.

Grand Total: 2140 creatures vanquished

Notes
Turn   | Place    | Note
-------+----------+-------------------------------------------
     0 | D:1      | Infinimo the Gargoyle Fire Elementalist began the quest for
                  | the Orb.
     0 | D:1      | Reached XP level 1. HP: 10/10 MP: 3/3
   479 | D:1      | Reached XP level 2. HP: 15/15 MP: 0/5
  1449 | D:2      | Found a blossoming altar of Fedhas.
  1473 | D:2      | Noticed an oklob plant
  1599 | D:2      | Reached XP level 3. HP: 20/20 MP: 0/6
  1667 | D:2      | Reached skill level 1 in Fighting
  1866 | D:2      | Reached XP level 4. HP: 25/25 MP: 4/7
  3056 | D:3      | Found an iron altar of Okawaru.
  3829 | D:3      | Found a stormy altar of Qazlal.
  3948 | D:3      | Reached XP level 5. HP: 29/29 MP: 3/8
  4540 | D:3      | Learned a level 4 spell: Sticky Flame
  4690 | D:4      | Noticed an ogre
  4695 | D:4      | Killed an ogre
  4695 | D:4      | Reached XP level 6. HP: 35/35 MP: 4/10
  4820 | D:4      | Found a runed translucent gate.
  4821 | D:4      | Found a runed translucent gate.
  4824 | D:4      | Found a runed translucent gate.
  4825 | D:4      | Noticed Laiska's ghost (novice GrEE)
  4826 | D:4      | Identified the +5 dagger of Ammag {vorpal, *Rage rElec rN+
                  | Str+3}
  4828 | D:4      | Found a roughly hewn altar of Beogh.
  5051 | D:4      | Reached skill level 5 in Fire Magic
  5189 | D:4      | Reached XP level 7. HP: 40/40 MP: 6/11
  5976 | D:4      | Killed Laiska's ghost
  5976 | D:4      | Reached skill level 5 in Conjurations
  6170 | D:5      | Entered Level 5 of the Dungeon
  6213 | D:5      | Found a hide-covered altar of Uskayaw.
  6260 | D:5      | Reached XP level 8. HP: 46/46 MP: 4/13
  6697 | D:5      | Found a burning altar of Makhleb.
  7019 | D:5      | Found a shimmering blue altar of Sif Muna.
  7033 | D:5      | Found a snail-covered altar of Cheibriados.
  7586 | D:6      | Found a radiant altar of Vehumet.
  8057 | D:6      | Found a staircase to the Ecumenical Temple.
  8069 | D:6      | Reached XP level 9. HP: 52/52 MP: 10/15
  8206 | D:6      | Found a glowing golden altar of the Shining One.
  8207 | D:6      | Found a runed translucent door.
  8207 | D:6      | Noticed an angel
  8272 | D:6      | Found a snail-covered altar of Cheibriados.
  8272 | D:6      | Found a hazy altar of Hepliaklqana.
  8273 | D:6      | Found a bloodstained altar of Trog.
  8688 | D:6      | Became a worshipper of Vehumet
  9363 | D:7      | Noticed Maggie
  9377 | D:7      | Killed Maggie
  9377 | D:7      | Reached skill level 5 in Fighting
  9994 | D:7      | Found Dom Iha's Book Shoppe.
 10070 | D:7      | Reached * piety under Vehumet
 10070 | D:7      | Offered knowledge of Freeze by Vehumet.
 10375 | D:7      | Found a glowing silver altar of Zin.
 10467 | D:8      | Found a staircase to the Lair.
 10530 | D:8      | Reached skill level 5 in Spellcasting
 11451 | D:8      | Reached XP level 10. HP: 44/60 MP: 0/18
 11894 | D:8      | Reached ** piety under Vehumet
 11894 | D:8      | Offered knowledge of Shock by Vehumet.
 12467 | D:8      | Identified a scroll of acquirement
 12467 | D:8      | Acquired the amulet "Mesk" {rElec Regen+}
 12534 | D:9      | Found a glowing golden altar of the Shining One.
 12534 | D:9      | Found a sparkling altar of Nemelex Xobeh.
 12539 | D:9      | Found a shadowy altar of Dithmenos.
 12541 | D:9      | Found a faded altar of an unknown god.
 12543 | D:9      | Found a white marble altar of Elyvilon.
 14398 | D:10     | Entered Level 10 of the Dungeon
 14401 | D:10     | Reached skill level 10 in Conjurations
 14679 | D:10     | Offered knowledge of Mephitic Cloud by Vehumet.
 15209 | D:10     | Reached *** piety under Vehumet
 15416 | D:10     | Found a staircase to the Orcish Mines.
 15453 | D:10     | Reached skill level 10 in Fire Magic
 15582 | D:10     | Found a glowing golden altar of the Shining One.
 15582 | D:10     | Noticed Joseph
 15602 | D:10     | Killed Joseph
 15602 | D:10     | Reached XP level 11. HP: 54/67 MP: 11/20
 15857 | D:10     | Offered knowledge of Ignite Poison by Vehumet.
 16083 | D:10     | Noticed Erolcha
 16107 | D:10     | Killed Erolcha
 17158 | D:9      | Learned a level 5 spell: Fireball
 17245 | Lair:1   | Entered Level 1 of the Lair of Beasts
 17317 | Lair:1   | Noticed an eight-headed hydra
 17335 | Lair:1   | Killed an eight-headed hydra
 18227 | Lair:2   | Reached **** piety under Vehumet
 18353 | Lair:2   | Found a runed translucent door.
 18353 | Lair:2   | Noticed Tinttamiau's ghost (novice DDAr)
 18615 | Lair:2   | Found a staircase to the Snake Pit.
 19273 | Lair:2   | Killed Tinttamiau's ghost
 19463 | Lair:3   | Offered knowledge of Lightning Bolt by Vehumet.
 19638 | Lair:3   | Killed from afar by a molten gargoyle

Illustrated notes

Levels and vault maps discovered:
D:1:      ncdulo_watergridlock, layout_basic
D:2:      layout_loops_ring, tgw_fedhas
D:3:      cheibrodos_pilgrimage, layout_basic, nicolae_qazlal_general_emergency,
          okawaru_ov_weapons_minmay
D:4:      layout_basic, biasface_ghost_orc_armoury
D:5:      layout_loops_cross, lemuel_crystal_altar,
          nicolae_overflow_hidden_temple, basic_altar, lemuel_altar_in_water
D:6:      layout_basic, gammafunk_temple_overflow_claw, vehumet_crystals,
          minmay_temple_entry_arrows, st_stairs_14, serial_bayou_pond_e,
          nicolae_sextant, lemuel_angel_altar
D:7:      layout_loops_corners, zin_statuary, serial_shops,
          nicolae_shop_temple_entry_statues_fountains, uniq_maggie
D:8:      layout_loops_corners, lair_entry_dummy
D:9:      layout_stronghold, chequers_temple_overflow_minitemple
D:10:     layout_basic, hiddenorc2_lemuel, basic_altar, uniq_erolcha,
          uniq_joseph
Lair:1:   layout_gridlike
Lair:2:   layout_roguey, minmay_snake_entry_guardpost_small,
          hellmonk_ghost_happy_afterlife, small_statue_intersection,
          minivault_26, grunt_megastairs_3
Lair:3:   cheibrodos_magma_flow, layout_chaotic_city, fungi_pond_lemuel,
          grunt_megastairs_5

Skill      XL: |  1  2  3  4  5  6  7  8  9 10 11 |
---------------+----------------------------------+-----
Conjurations   | 2 3 4 5 7 8 10 11 | 11.6
Fighting       | 1 2 3 4 5 7 8 |  8.1
Fire Magic     | 4 5 7 8 10 11 | 11.2
Spellcasting   | 3 4 5 6 7 |  7.1
Dodging        | |  1.5
Stealth        | |  2.1

Action                   |  1- 3 |  4- 6 |  7- 9 | 10-12 || total
-------------------------+-------+-------+-------+-------++-------
Melee: Unarmed           |     6 |    19 |       |       ||    25
       Falchion          |       |     5 |       |       ||     5
       Short sword       |       |       |   145 |    70 ||   215
Throw: Javelin           |     7 |       |       |       ||     7
 Cast: Foxfire           |    70 |   183 |   321 |   611 ||  1185
       Sticky Flame      |       |       |     8 |    23 ||    31
       Fireball          |       |       |       |     7 ||     7
  Use: Scroll            |       |    10 |     4 |    12 ||    26
       Potion            |       |       |     3 |     3 ||     6
 Stab: Sleeping          |       |     1 |       |       ||     1
Armor: Robe              |     4 |    17 |   112 |    89 ||   222
Dodge: Dodged            |    14 |    31 |   123 |   110 ||   278
       Rpst.: Falchion   |       |     2 |       |       ||     2

Table legend: (Time is in decaauts)
 A = Elapsed time spent in this place.
 B = Non-inter-level travel time spent in this place.
 C = Inter-level travel time spent in this place.
 D = Time resting spent in this place.
 E = Time spent auto-exploring this place.
 F = Levels seen in this place.
 G = Mean time per level.
                   A        B        C        D        E       F      G
               +--------+--------+--------+--------+--------+-----+--------+
         Total |  19692 |  18918 |    774 |    713 |  15468 |  13 | 1514.8 |
       Dungeon |  17296 |  16594 |    702 |    644 |  13660 |  10 | 1729.6 |
          Lair |   2396 |   2324 |     72 |     69 |   1808 |   3 |  798.7 |
               +--------+--------+--------+--------+--------+-----+--------+

Top non-repeatable levels by time:
    D:10: 2771 daAuts
     D:8: 2061 daAuts
     D:9: 1968 daAuts
     D:2: 1787 daAuts
     D:7: 1707 daAuts
     D:3: 1706 daAuts
  Lair:2: 1442 daAuts
     D:1: 1417 daAuts
     D:6: 1365 daAuts
     D:4: 1265 daAuts
     D:5: 1243 daAuts
  Lair:1: 805 daAuts
  Lair:3: 148 daAuts
